Map: Pillars of Gold LE

Players

Rex - Winner!

  • Race: Zerg Zerg
  • League: Master
  • Spawn Location: 1:00

Has

  • Race: Protoss Protoss
  • Spawn Location: 7:00

Event: DreamHack SC2 Masters 2020 Winter

VOD

Have the link to the VOD?

Description

Time

  • Played on: Oct. 23, 2020, 9:27 a.m.
  • Length: 13:16

All games in this series

Show
View Real Time Build Order
Export as new Build Order

Rex Zerg - Winner!

Build Orders: Hatch First 

Get SALT Encoding   

  12  0:00  Drone  
  13  0:12  Overlord  
  13  0:17  Drone  
  14  0:30  Drone x2  
  16  0:51  Hatchery  
  16  0:54  Drone  
  16  0:57  Drone  
  16  1:00  Drone  
  18  1:11  Extractor  
  17  1:16  Spawning Pool  
  16  1:19  Drone  
  16  1:22  Drone  
  18  1:28  Drone  
  19  1:38  Drone  
  20  1:50  Overlord  
  20  2:03  Queen x2  
  20  2:04  Zergling x4  
  26  2:11  Metabolic Boost  
  26  2:14  Drone  
  27  2:16  Drone  
  28  2:23  Drone  
  28  2:25  Drone  
  30  2:40  Hatchery  
  29  2:47  Zergling x6  
  32  2:52  Overlord  
  32  3:07  Zergling x6  
  32  3:12  Zergling x10  
  40  3:13  Zergling x2  
  40  3:18  Zergling x4  
  43  3:27  Overlord  
  43  3:33  Zergling x2  
  44  3:48  Zergling x2  
  43  3:49  Zergling x2  
  43  3:50  Zergling x8  
  43  3:54  Zergling x2  
  46  3:59  Zergling x2  
  46  4:00  Zergling x2  
  46  4:01  Zergling x2  
  46  4:07  Zergling x2  
  45  4:12  Zergling x4  
  44  4:20  Zergling x4  
  44  4:23  Zergling x2  
  43  4:25  Zergling x2  
  43  4:28  Zergling x2  
  34  4:39  Zergling x4  
  34  4:40  Zergling x2  
  34  4:42  Zergling x2  
  34  4:45  Zergling x2  
  36  4:49  Zergling x2  
  36  4:52  Zergling x2  
  35  4:53  Zergling x2  
  35  4:58  Zergling x2  
  35  5:02  Zergling x2  
  32  5:09  Zergling x4  
  32  5:13  Zergling x2  
  35  5:20  Drone x3  
  38  5:28  Overlord  
  38  5:39  Drone x3  
  39  5:43  Drone  
  39  5:44  Drone  
  39  5:48  Drone  
  39  5:49  Drone  
  43  5:55  Drone x2  
  43  5:57  Drone  
  43  6:02  Drone  
  44  6:05  Drone  
  44  6:08  Drone x2  
  47  6:14  Queen  
  48  6:22  Queen  
  48  6:25  Spore Crawler  
  49  6:29  Drone  
  49  6:30  Overlord  
  49  6:42  Overlord  
  49  6:45  Overlord  
  49  6:48  Queen  
  49  6:51  Drone x6  
  57  7:03  Drone x7  
  64  7:08  Drone  
  64  7:09  Drone x2  
  64  7:10  Drone  
  64  7:13  Drone  
  69  7:15  Overlord  
  69  7:28  Overlord  
  69  7:30  Extractor x2  
  69  7:31  Roach Warren  
  69  7:33  Lair  
  69  7:34  Drone x2  
  69  7:35  Drone x2  
  69  7:36  Drone  
  71  7:38  Drone x2  
  71  7:42  Overlord  
  73  7:45  Extractor, Overlord  
  73  7:46  Extractor  
  73  7:48  Drone  
  72  7:53  Drone  
  72  7:55  Drone  
  72  7:58  Drone x5  
  75  7:59  Queen  
  81  8:07  Drone x4  
  85  8:14  Drone x3  
  85  8:16  Extractor  
  85  8:19  Drone  
  86  8:20  Drone x2  
  86  8:21  Spore Crawler  
  86  8:24  Drone  
  83  8:35  Overlord, Glial Reconstitution  
  83  8:38  Roach  
  83  8:39  Roach x6  
  83  8:41  Overseer  
  96  8:52  Drone  
  96  8:54  Overlord x3  
  97  9:00  Spire  
  96  9:06  Hatchery, Overseer  
  95  9:11  Overlord  
  95  9:12  Overlord  
  95  9:19  Roach  
  95  9:20  Roach x5  
  107  9:27  Roach x3  
  107  9:29  Drone x3  
  116  9:41  Roach x5  
  126  9:47  Roach x4  
  134  9:57  Overlord x4  
  134  10:03  Overseer  
  133  10:13  Zerg Flyer Weapons Level 1  
  133  10:22  Extractor  
  133  10:27  Extractor  
  129  10:40  Mutalisk x13  
  129  10:42  Zergling x10  
  151  10:46  Zergling x6  
  152  10:52  Zergling x10  
  152  10:56  Drone x3  
  146  11:01  Drone  
  137  11:04  Drone  
  136  11:12  Mutalisk x5  
  146  11:24  Mutalisk x3  
  146  11:25  Overlord  
  152  11:27  Zergling x6  
  155  11:34  Drone x2  
  154  11:43  Mutalisk x4  
  154  11:44  Zergling x10  
  161  11:53  Drone x7  
  168  11:55  Drone  
  163  12:10  Mutalisk x2  
  163  12:11  Mutalisk x4  
  163  12:15  Mutalisk  
  171  12:17  Drone x5  
  176  12:24  Overlord x2  
  166  12:35  Hatchery  
Show
View Real Time Build Order
Export as new Build Order

Has Protoss 

Build Orders: 1 Gate Expand 

Get SALT Encoding   

  12  0:00  Probe  
  13  0:12  Probe  
  14  0:21  Pylon  
  14  0:24  Probe  
  15  0:39  Probe (Chrono Boost)  
  15  0:42  Gateway  
  16  0:48  Probe (Chrono Boost)  
  17  0:53  Probe (Chrono Boost)  
  17  0:56  Assimilator  
  18  1:05  Probe (Chrono Boost)  
  19  1:13  Probe (Chrono Boost)  
  20  1:34  Nexus  
  20  1:45  Cybernetics Core  
  20  1:47  Probe  
  21  1:55  Assimilator  
  21  1:59  Probe  
  22  2:03  Pylon  
  22  2:11  Probe  
  23  2:19  Adept (Chrono Boost)  
  25  2:23  Warp Gate (Chrono Boost)  
  25  2:24  Probe  
  26  2:37  Probe  
  27  2:38  Stargate  
  27  2:42  Adept  
  29  2:48  Probe (Chrono Boost)  
  31  2:53  Probe (Chrono Boost)  
  32  2:59  Probe (Chrono Boost)  
  32  3:03  Probe (Chrono Boost)  
  32  3:04  Gateway, Probe (Chrono Boost)  
  34  3:13  Adept, Probe  
  34  3:15  Void Ray (Chrono Boost)  
  34  3:17  Probe  
  42  3:30  Pylon  
  42  3:31  Probe  
  42  3:33  Probe  
  41  3:54  Pylon x2  
  28  4:07  Sentry x2  
  18  4:29  Pylon  
  20  4:36  Adept  
  19  4:43  Shield Battery  
  19  4:45  Probe (Chrono Boost)  
  19  5:05  Gateway  
  19  5:14  Cybernetics Core  
  19  5:27  Probe (Chrono Boost)  
  20  5:28  Probe (Chrono Boost)  
  21  5:37  Probe (Chrono Boost)  
  20  5:50  Adept  
  20  5:51  Probe  
  20  5:54  Probe  
  24  6:03  Probe  
  25  6:06  Probe  
  26  6:15  Probe (Chrono Boost)  
  28  6:19  Probe (Chrono Boost)  
  28  6:27  Probe (Chrono Boost)  
  28  6:30  Probe (Chrono Boost)  
  30  6:33  Pylon, Probe (Chrono Boost)  
  30  6:34  Probe (Chrono Boost)  
  32  6:42  Probe  
  32  6:44  Probe  
  35  6:54  Probe (Chrono Boost)  
  35  6:57  Probe (Chrono Boost)  
  38  7:09  Probe (Chrono Boost)  
  38  7:12  Probe (Chrono Boost), Oracle  
  41  7:15  Probe (Chrono Boost)  
  41  7:19  Probe (Chrono Boost)  
  43  7:23  Probe (Chrono Boost)  
  44  7:31  Assimilator  
  44  7:34  Probe (Chrono Boost)  
  44  7:35  Assimilator, Probe (Chrono Boost)  
  46  7:38  Pylon  
  46  7:43  Probe (Chrono Boost)  
  48  7:45  Probe (Chrono Boost)  
  48  7:49  Probe  
  49  7:54  Probe  
  50  8:00  Forge  
  50  8:01  Probe  
  50  8:03  Robotics Facility  
  51  8:06  Probe (Chrono Boost)  
  51  8:09  Void Ray  
  52  8:15  Pylon  
  52  8:19  Probe (Chrono Boost)  
  58  8:21  Probe (Chrono Boost)  
  58  8:27  Probe (Chrono Boost)  
  59  8:32  Protoss Ground Weapons Level 1 (Chrono Boost)  
  56  8:35  Probe  
  56  8:38  Probe  
  58  8:43  Twilight Council  
  58  8:45  Gateway  
  58  8:48  Gateway  
  58  8:56  Pylon  
  58  8:57  Robotics Bay  
  58  9:01  Warp Prism  
  60  9:03  Probe x2  
  62  9:11  Void Ray (Chrono Boost)  
  66  9:26  Zealot x2  
  66  9:27  Stargate  
  70  9:39  Pylon  
  70  9:40  Disruptor (Chrono Boost)  
  70  9:41  Void Ray  
  73  9:52  Pylon  
  77  9:58  Nexus  
  77  10:03  Gravitic Drive  
  77  10:06  Probe  
  78  10:09  Disruptor  
  81  10:16  Probe  
  81  10:18  Pylon  
  81  10:21  Shield Battery  
  81  10:45  Zealot x2  
  80  10:54  Void Ray x2 (Chrono Boost)  
  80  10:56  Probe x2  
  74  11:08  Probe  
  74  11:10  Probe  
  75  11:12  Disruptor (Chrono Boost)  
  75  11:14  Pylon  
  71  11:34  Phoenix x2 (Chrono Boost)  
  75  11:41  Zealot x3  
  80  11:47  Probe  
  80  11:49  Pylon  
  80  11:51  Pylon  
  80  11:52  Phoenix x2  
  84  11:56  Disruptor  
  84  11:58  Shield Battery  
  76  12:17  Phoenix x2  
  80  12:32  Probe  
  80  12:33  Probe  
  82  12:42  Phoenix x2  
  61  12:56  Probe x2  
Tags
 
Add a new tag
Caveats
  • Supply blocks, unpowered buildings, or Contaminate may cause inaccurate times.
  • Supply counts are checked every 10 seconds.